[Event "Late-Titled-Tuesday-Blitz-February-06-2024"]
[Site "Chess.com"]
[Date "2024.02.06"]
[Round "9"]
[White "OYAcosta"]
[Black "nikitadovbnya2008"]
[Result "1-0"]
[WhiteElo "2202"]
[BlackElo "2332"]
[TimeControl "180+1"]
[EndTime "15:43:54 PST"]
[Termination "OYAcosta won by checkmate"]

1. d4 Nf6 2. c4 e6 3. Nc3 Bb4 4. Qc2 d5 5. Bg5 c5 6. e3 h6 7. Bh4 cxd4 8. exd4 dxc4 9. Nf3 O-O 10. a3 Be7 11. Bxc4 b6 12. Rd1 Bb7 13. Be2 Nc6 14. O-O Nh5 15. Bxe7 Nxe7 16. Qd2 Nf6 17. Ne5 Ned5 18. Bd3 Rc8 19. f4 Nxc3 20. bxc3 Qd6 21. f5 Qxa3 22. fxe6 fxe6 23. c4 Rfd8 24. Rxf6 gxf6 25.
Qxh6 Qe7 26. Ng4 Rf8 27. Qg6+ Qg7 28. Qh5 Qg5 29. Qh7# 1-0

[Event "Late-Titled-Tuesday-Blitz-February-06-2024"]
[Site "Chess.com"]
[Date "2024.02.06"]
[Round "9"]
[White "Szparu"]
[Black "lachesisQ"]
[Result "1-0"]
[WhiteElo "2823"]
[BlackElo "3043"]
[TimeControl "180+1"]
[EndTime "15:43:55 PST"]
[Termination "Szparu won by resignation"]

1. e4 c6 2. d4 d5 3. e5 c5 4. dxc5 e6 5. a3 Bxc5 6. Qg4 Ne7 7. b4 Bb6 8. Nf3 O-O 9. Bb2 Nbc6 10. Bd3 Ng6 11.
Nbd2 f5 12. Qg3 Bd7 13. h4 Bc7 14. b5 f4 15. Qg4 Ncxe5 16. Bxe5 Nxe5 17. Nxe5 Bxe5 18. Qh5 Rf5 19. Bxf5 exf5 20. Rb1 Qa5 21. Qe2 Bc3 22. Qd3 Kh8 23. Kd1 d4 24. Re1 Qxa3 25. Qc4 h6 26. Qf7 Bxd2 27. Re7 Rg8 28. Kxd2 Qc3+ 29. Kd1 d3 30. Qb3 dxc2+ 31. Qxc2 Qc4 32. Qxc4 1-0

[Event "Late-Titled-Tuesday-Blitz-February-06-2024"]
[Site "Chess.com"]
[Date "2024.02.06"]
[Round "9"]
[White "malakismayil"]
[Black "Mikasinski"]
[Result "1-0"]
[WhiteElo "2490"]
[BlackElo "2581"]
[TimeControl "180+1"]
[EndTime "15:43:55 PST"]
[Termination "malakismayil won by checkmate"]

1. e4 c5 2. Nf3 d6 3. Bb5+ Bd7 4. Bxd7+ Qxd7 5. O-O Nc6 6. d4 cxd4 7. Nxd4 Nf6 8.
Re1 g6 9. c4 Bg7 10. Nc3 Nxd4 11. Qxd4 O-O 12. Bg5 Rac8 13. Rac1 Rfe8 14. Qd3 Qg4 15.
Bxf6 Bxf6 16. b3 Bg7 17. h3 Qe6 18. Nd5 h5 19. f4 Qd7 20. f5 e6 21. fxe6 fxe6 22. Nf4 Bh6 23. Qg3 Qg7 24. Rcd1 Bxf4 25. Qxf4 e5 26. Qe3 Rc6 27. Qxa7 Ra6 28. Qf2 Rf8 29. Qe2 Qc7 30. Rd2 Rf4 31. Rf1 Qc5+ 32. Kh2 Rc6 33. Rxf4 exf4 34. Rd5 Qb6 35. Qd2 Qa6 36.
Qxf4 Qxa2 37. Qf6 Qxb3 38. Qxg6+ Kf8 39. Rf5+ Ke7 40. Rf7+ Kd8 41. Qg8# 1-0

[Event "Late-Titled-Tuesday-Blitz-February-06-2024"]
[Site "Chess.com"]
[Date "2024.02.06"]
[Round "9"]
[White "YurasovMat-2012"]
[Black "kuli4ik"]
[Result "0-1"]
[WhiteElo "2695"]
[BlackElo "2865"]
[TimeControl "180+1"]
[EndTime "15:43:56 PST"]
[Termination "kuli4ik won by resignation"]

1. e4 g6 2. Nf3 Bg7 3. d4 d6 4.
Nc3 a6 5. Bd3 b5 6. Be3 Bb7 7.
a3 Nd7 8. O-O c5 9. dxc5 Nxc5 10.
Qe2 Nxd3 11. cxd3 Nf6 12. h3 O-O 13. Rac1 Qd7 14. Rfd1 Rfc8 15. Nd2 Qe6 16. Nf3 Qd7 17. Qd2 a5 18. Bh6 Bh8 19. Be3 b4 20. Ne2 Qa4 21.
axb4 Qxb4 22. Qxb4 axb4 23. Ra1 Nd7 24. Bd4 Nc5 25. Bxh8 Kxh8 26. Rxa8 Rxa8 27. Ned4 Ra2 28. Rd2 Kg7 29. g3 Kf8 30. h4 e5 31. Nb5 Ke7 32.
Ne1 Na4 33. Rc2 Ba6 34. Nc7 Bb7 35. Nb5 Nc5 36. Kf1 Ra1 37. Ke2 Rb1 38. Nc7 Kd7 39.
Nd5 Bxd5 40. exd5 Na4 0-1

[Event "Late-Titled-Tuesday-Blitz-February-06-2024"]
[Site "Chess.com"]
[Date "2024.02.06"]
[Round "9"]
[White "LionTheLeon_06"]
[Black "GHANDEEVAM2003"]
[Result "0-1"]
[WhiteElo "2881"]
[BlackElo "3042"]
[TimeControl "180+1"]
[EndTime "15:43:57 PST"]
[Termination "GHANDEEVAM2003 won by resignation"]

1. c3 d6 2. d4 g6 3. Nf3 Nf6 4. Bf4 Bg7 5. h3 O-O 6. e3 Nc6 7. Bh2 Qe8 8. Be2 e5 9. O-O Qe7 10. a4 Rd8 11. a5 a6 12. Nbd2 h5 13. b4 e4 14. Ne1 h4 15. Nc2 Nd5 16. Ra3 f5 17. Qb1 Kh7 18. c4 Nf6 19. Qa2 g5 20. b5 Nb8 21. Nb4 Be6 22. Qc2 c5 23. bxc6 bxc6 24.
c5 dxc5 25. dxc5 Nd5 26. Bd6 Nxb4 27. Qa4 Rxd6 28. cxd6 Qxd6 29. Nc4 Bxc4 30. Bxc4 Nd7 31. Rd1 Nd5 32. Ra2 Ne5 33. Bf1 Qb4 34. Qc2 Qc3 35. Rb1 Nd3 36. Rb7 Qxc2 37. Rxc2 c5 38. Rd7 N5b4 39. Rc4 Ne5 40. Rxg7+ Kxg7 41. Rxc5 Kf6 42.
Rc7 Re8 43. Rb7 Nbd3 44. Be2 Re6 45. f3 Rc6 46. Rb6 Ke6 47. fxe4 fxe4 48. Rb1 Kd5 49. Bf1 g4 50. hxg4 Nxg4 0-1

[Event "Late-Titled-Tuesday-Blitz-February-06-2024"]
[Site "Chess.com"]
[Date "2024.02.06"]
[Round "9"]
[White "balachess2006"]
[Black "OneTrickPony_82"]
[Result "0-1"]
[WhiteElo "2697"]
[BlackElo "2554"]
[TimeControl "180+1"]
[EndTime "15:43:57 PST"]
[Termination "OneTrickPony_82 won by checkmate"]

1. c4 Nf6 2. Nf3 c5 3. Nc3 e6 4. e3 d5 5. cxd5 exd5 6. d4 a6 7. dxc5 Bxc5 8. Be2 Nc6 9. O-O O-O 10. b3 Bf5 11. Bb2 d4 12. Na4 Ba7 13. Nxd4 Nxd4 14. Bxd4 Bxd4 15. Qxd4 Qxd4 16. exd4 Rad8 17. Rad1 Nd5 18.
Bf3 b5 19. Nc5 Nc3 20. Rd2 Rd6 21. Rc1 b4 22. a3 a5 23. axb4 axb4 24. g3 Rfd8 25.
d5 Rc8 26. Nb7 Rd7 27. d6 Ne2+ 28. Rxe2 Rxc1+ 29. Kg2 Kf8 30. Rd2 Rc3 31. Rd4 Rxf3 32. Nc5 Rc3 33. Nxd7+ Bxd7 34. Rxb4 Ke8 35. Rb8+ Rc8 36.
Rb4 Bc6+ 37. Kh3 Kd7 38. Rd4 Rb8 39. b4 Rb5 40. g4 Rd5 41. Rf4 f6 42. Rc4 Rd3+ 43.
f3 Rxf3+ 44. Kh4 g5+ 45. Kh5 Rh3# 0-1

[Event "Late-Titled-Tuesday-Blitz-February-06-2024"]
[Site "Chess.com"]
[Date "2024.02.06"]
[Round "9"]
[White "masterofpuppets2"]
[Black "Chessdude1987"]
[Result "0-1"]
[WhiteElo "2479"]
[BlackElo "2319"]
[TimeControl "180+1"]
[EndTime "15:44:00 PST"]
[Termination "Chessdude1987 won by checkmate"]

1. e4 e6 2. d4 d5 3. Nd2 c5 4. exd5 Qxd5 5. dxc5 Nf6 6. Ngf3 Qxc5 7. Bd3 Be7 8. O-O O-O 9. Qe2 Nbd7 10. Nb3 Qc7 11. Bg5 b6 12. Rad1 Bb7 13. c3 Rad8 14. Bb1 Rfe8 15.
Nbd4 Nd5 16. Bxe7 Rxe7 17. Qe4 N7f6 18. Qh4 Nf4 19. Rfe1 Red7 20. Ne5 Ng6 21. Bxg6 hxg6 22. Nxd7 Rxd7 23. Qg3 Qd8 24. Rc1 Nh5 25. Qe5 Bd5 26. b3 f6 27. Qe3 e5 28. Nf3 Nf4 29. Rcd1 Bb7 30. Rxd7 Qxd7 31. Qd2 Qc6 32. Qe3 g5 33. h3 Qd7 34. Kh2 g4 35. hxg4 Qxg4 36. g3 Qh3+ 37. Kg1 Qg2# 0-1

[Event "Late-Titled-Tuesday-Blitz-February-06-2024"]
[Site "Chess.com"]
[Date "2024.02.06"]
[Round "9"]
[White "maurovargas01"]
[Black "boguszp"]
[Result "0-1"]
[WhiteElo "1885"]
[BlackElo "2054"]
[TimeControl "180+1"]
[EndTime "15:44:02 PST"]
[Termination "boguszp won on time"]

1. e4 e6 2. f4 d5 3. e5 c5 4. Nf3 Nc6 5. Bb5 Bd7 6. Bxc6 Bxc6 7. O-O d4 8. d3 Ne7 9. g4 Nd5 10. h3 h6 11. Qe1 Be7 12. a3 Qb6 13. Rf2 O-O-O 14.
Nbd2 Ne3 15. Nc4 Nxc4 16. dxc4 Bxf3 17. Rxf3 Qc6 18. Qf1 f5 19. exf6 Bxf6 20. Rb1 Rhe8 21. b4 e5 22. fxe5 Rxe5 23. Bf4 Re4 24. Bh2 Rde8 25.
Rf2 b6 26. bxc5 Qxc5 27. a4 Re3 28. Qg2 Re1+ 29. Rxe1 Rxe1+ 30. Rf1 d3+ 31. Kh1 Rxf1+ 32. Qxf1 dxc2 0-1

[Event "Late-Titled-Tuesday-Blitz-February-06-2024"]
[Site "Chess.com"]
[Date "2024.02.06"]
[Round "9"]
[White "ural58"]
[Black "Statham_01"]
[Result "1-0"]
[WhiteElo "2487"]
[BlackElo "2578"]
[TimeControl "180+1"]
[EndTime "15:44:05 PST"]
[Termination "ural58 won on time"]

1. e4 e5 2. f4 d5 3. exd5 exf4 4. Nf3 Nf6 5. Bb5+ c6 6. dxc6 Nxc6 7. Nc3 Bg4 8. O-O Bc5+ 9. d4 Bxf3 10. Qxf3 Qxd4+ 11. Kh1 O-O 12. Bxc6 bxc6 13. Bxf4 Rac8 14. Rad1 Qb4 15.
b3 Rcd8 16. Na4 Bb6 17. Nxb6 axb6 18. Bg5 Rxd1 19. Qxd1 Ne4 20. Bh4 Re8 21. Qd7 Nd6 22.
Bg3 Qb5 23. c4 Qh5 24. Qxd6 Qe2 25. Qf4 f6 26. Qf2 Qd3 27. Re1 Rxe1+ 28. Qxe1 h6 29.
h3 Qc2 30. Qf2 Qd1+ 31. Kh2 c5 32. Bc7 h5 33. Qg3 Qe2 34. Bxb6 Qxa2 35. Bxc5 g5 36. Qb8+ Kh7 37. Qc7+ Kg6 38. Bf8 Qf2 39. Qg7+ Kf5 40. Qh7+ Kf4 41. Bd6+ Ke3 42. Bc5+ Ke2 43. Qc2+ 1-0

[Event "Late-Titled-Tuesday-Blitz-February-06-2024"]
[Site "Chess.com"]
[Date "2024.02.06"]
[Round "9"]
[White "Fandorine"]
[Black "tactic"]
[Result "1-0"]
[WhiteElo "2932"]
[BlackElo "2655"]
[TimeControl "180+1"]
[EndTime "15:44:07 PST"]
[Termination "Fandorine won by resignation"]

1. d4 Nf6 2. c4 e6 3. Nf3 d5 4.
Qc2 Be7 5. Bg5 O-O 6. e3 Nbd7 7.
Nc3 c6 8. Bd3 dxc4 9. Bxc4 b5 10. Bd3 b4 11. Ne4 Nxe4 12. Bxe7 Qxe7 13. Bxe4 Ba6 14.
Bxh7+ Kh8 15. Bd3 Bxd3 16. Qxd3 e5 17. dxe5 Nxe5 18. Nxe5 Qxe5 19. Qc2 Qb5 20. Rc1 Rac8 21. Qc4 Qg5 22. O-O c5 23. h4 Qh6 24. Rfd1 Rc6 25.
Rd5 Rfc8 26. Rcd1 Qf6 27. R1d2 g6 28. g3 Kg7 29. Kg2 Qe6 30. b3 a5 31. e4 Ra8 32.
f4 a4 33. f5 Qf6 34. fxg6 fxg6 35. Rxc5 Rxc5 36. Qxc5 axb3 37. axb3 Rf8 38. Rf2 Qd8 39.
Qxf8+ Qxf8 40. Rxf8 g5 41. Kf3 g4+ 42. Kxg4 Kh7 1-0

[Event "Late-Titled-Tuesday-Blitz-February-06-2024"]
[Site "Chess.com"]
[Date "2024.02.06"]
[Round "9"]
[White "HalfIsCrayfish"]
[Black "Bkmzzzzz"]
[Result "1-0"]
[WhiteElo "2585"]
[BlackElo "2414"]
[TimeControl "180+1"]
[EndTime "15:44:07 PST"]
[Termination "HalfIsCrayfish won by checkmate"]

1. Nc3 d6 2. e4 Nf6 3. g3 e5 4. Bg2 Be7 5. Nge2 O-O 6. O-O c6 7. d3 b5 8. h3 a5 9. f4 a4 10. a3 Bb7 11. g4 Nfd7 12. Kh2 f6 13. Ng3 Rf7 14. h4 Nc5 15. Bh3 Nba6 16. Be3 Qa5 17. Qd2 exf4 18. Bxf4 d5 19. g5 fxg5 20. Bxg5 Bxg5 21.
Qxg5 Rff8 22. exd5 cxd5 23. Nxd5 Kh8 24. Rxf8+ Rxf8 25. Nh5 Rf7 26. Re1 Bc6 27. Re7 Rxe7 28. Nxe7 Qc7+ 29. Kg1 Ne6 30. Bxe6 Qb6+ 31. Kf1 Qd4 32. Nxc6 Qxb2 33. Qd8# 1-0

[Event "Late-Titled-Tuesday-Blitz-February-06-2024"]
[Site "Chess.com"]
[Date "2024.02.06"]
[Round "9"]
[White "GlavkonVVS"]
[Black "Walter_White_Poland"]
[Result "1-0"]
[WhiteElo "2613"]
[BlackElo "2391"]
[TimeControl "180+1"]
[EndTime "15:44:15 PST"]
[Termination "GlavkonVVS won on time"]

1. Nf3 d5 2. g3 Nf6 3. Bg2 e6 4. O-O Be7 5. d3 O-O 6. Nbd2 Nc6 7. c4 d4 8. a3 a5 9. Rb1 a4 10.
b4 axb3 11. Qxb3 h6 12. Ne1 Nd7 13. Bxc6 bxc6 14. Nc2 Nc5 15. Qb2 e5 16. Nb4 Bd7 17. Qc2 f5 18. Nf3 Bd6 19. e3 dxe3 20. Bxe3 f4 21.
Bxc5 Bxc5 22. Nxe5 fxg3 23. d4 Bxd4 24. Nexc6 gxf2+ 25. Kh1 Bxc6+ 26. Nxc6 Qf6 27. Qe4 Rae8 28. Qd5+ Kh8 29.
Nxd4 Rd8 30. Qg2 Qxd4 31. a4 c5 32. a5 Ra8 33. Ra1 1-0

[Event "Late-Titled-Tuesday-Blitz-February-06-2024"]
[Site "Chess.com"]
[Date "2024.02.06"]
[Round "9"]
[White "PawnEatingZombie"]
[Black "wild3000"]
[Result "0-1"]
[WhiteElo "2200"]
[BlackElo "2359"]
[TimeControl "180+1"]
[EndTime "15:44:15 PST"]
[Termination "wild3000 won by resignation"]

1. e4 a6 2. g3 b5 3. Bg2 Bb7 4. Ne2 h5 5. h4 Nf6 6. d3 c5 7. a4 e6 8. O-O Qc7 9. Na3 b4 10. Nc4 d6 11. a5 Nbd7 12. Nf4 Be7 13. Bd2 e5 14. Nh3 Ng4 15. Ne3 Nxe3 16. Bxe3 Nf6 17. Bg5 Ng4 18. c3 bxc3 19. bxc3 O-O 20. Qe2 Rab8 21. Rfb1 Bc6 22. Bxe7 Qxe7 23. Rb6 Rxb6 24.
axb6 Qb7 25. Rb1 a5 26. f3 Nf6 27. Ng5 a4 28. Qa2 Ra8 29. Bh3 Be8 30. d4 cxd4 31.
cxd4 exd4 32. Qc4 a3 33. Qxd4 a2 34. Ra1 Ra6 35. Bf1 Rxb6 36. Rxa2 Rb1 37. Qxd6 Rxf1+ 38. Kxf1 Qb1+ 39. Kg2 Qxa2+ 40. Kh3 Bd7+ 0-1

[Event "Late-Titled-Tuesday-Blitz-February-06-2024"]
[Site "Chess.com"]
[Date "2024.02.06"]
[Round "9"]
[White "dedpihto_v_kozhanom_palto"]
[Black "Payyappat"]
[Result "1-0"]
[WhiteElo "2703"]
[BlackElo "2535"]
[TimeControl "180+1"]
[EndTime "15:44:19 PST"]
[Termination "dedpihto_v_kozhanom_palto won on time"]

1. c4 c5 2. e3 Nf6 3. d4 cxd4 4. exd4 d5 5. cxd5 Nxd5 6. Nf3 Nc6 7. h3 g6 8. Bd3 Bg7 9. O-O O-O 10. Be3 Qb6 11.
Qd2 Be6 12. Nc3 Rfd8 13. Na4 Qb4 14. Qxb4 Ndxb4 15. Be4 Nxd4 16. Nxd4 Bxd4 17. Bxd4 Rxd4 18. Bxb7 Rb8 19. Bf3 Nc2 20. Rac1 Rxa4 21. Rxc2 Rxa2 22. Rc7 Rbxb2 23. Rxe7 a5 24. Ra7 a4 25. h4 a3 26. h5 Kg7 27. hxg6 hxg6 28. Re1 Kf6 29. Ra6 Rxf2 30. Bd5 Rad2 31. Bxe6 Rxg2+ 32. Kh1 Rh2+ 33. Kg1 Rdg2+ 34. Kf1 Rf2+ 35. Kg1 Rhg2+ 36. Kh1 fxe6 37. Rexe6+ Kf7 38. Rec6 Rg3 39. Ra7+ Kg8 40. Rc8+ Rf8 41. Rcc7 Rh3+ 42. Kg2 Rh5 43. Rxa3 Rg5+ 44. Kh3 1-0

[Event "Late-Titled-Tuesday-Blitz-February-06-2024"]
[Site "Chess.com"]
[Date "2024.02.06"]
[Round "9"]
[White "vanyakuba"]
[Black "Bryanl106"]
[Result "1-0"]
[WhiteElo "2371"]
[BlackElo "2509"]
[TimeControl "180+1"]
[EndTime "15:44:23 PST"]
[Termination "vanyakuba won by resignation"]

1. e4 e5 2. Nf3 Nc6 3. Nc3 Nf6 4. g3 g6 5. Bg2 Bg7 6. O-O O-O 7. d4 d6 8. h3 h6 9. Be3 Re8 10. Qd2 exd4 11.
Nxd4 Nxd4 12. Bxd4 Be6 13. Rfe1 Nd7 14. Rad1 Bxd4 15.
Qxd4 Qf6 16. Qxf6 Nxf6 17. e5 dxe5 18. Bxb7 Rab8 19. Bc6 Re7 20. b3 Bxh3 21. Nd5 Nxd5 22. Rxd5 f6 23. Ra5 Rb6 24. Bd5+ Kf8 25. Rxa7 Rd6 26.
Ra8+ Re8 27. Rxe8+ Kxe8 28. Be4 Kf7 29. Bd3 Be6 30. Re3 c5 31. a4 Ke7 32. a5 Bf7 33. Bb5 Rd1+ 34. Kg2 Ra1 35. a6 Bd5+ 36. f3 g5 37. Kf2 h5 38. Rc3 Kd6 39. Rd3 Ke6 40.
Rc3 h4 41. gxh4 gxh4 42. f4 exf4 43. Rh3 Rh1 44. Rxh1 Bxh1 45. Be2 Bc6 46. a7 c4 47. Bf3 cxb3 48. cxb3 1-0

[Event "Late-Titled-Tuesday-Blitz-February-06-2024"]
[Site "Chess.com"]
[Date "2024.02.06"]
[Round "9"]
[White "Rutricks"]
[Black "AryanTari"]
[Result "0-1"]
[WhiteElo "2732"]
[BlackElo "2915"]
[TimeControl "180+1"]
[EndTime "15:44:28 PST"]
[Termination "AryanTari won by checkmate"]

1. c4 e5 2. g3 h5 3. d4 h4 4.
dxe5 hxg3 5. fxg3 Nc6 6. Nf3 Bb4+ 7. Bd2 Bc5 8. Nc3 Nge7 9. Ne4 Bb4 10. a3 Bxd2+ 11. Qxd2 Ng6 12. Nc3 Ncxe5 13. O-O-O d6 14. Bg2 Be6 15. Nd4 Bxc4 16. Bxb7 Rb8 17. Nc6 Nxc6 18.
Bxc6+ Kf8 19. h4 Ne5 20. Be4 Qe8 21. Rhf1 Bb3 22. Rde1 Be6 23. Bd3 Qc6 24. Rf4 Rh5 25. Ref1 Kg8 26. Qe3 Qb7 27. Rb4 Qc8 28. Qxa7 Rxb4 29.
axb4 Nc6 30. Qa3 Qb8 31. b5 Nd4 32. Qb4 Nb3+ 33. Kc2 Nc5 34. Ra1 Re5 35. Qd4 Nb3 36. Qa4 Nxa1+ 37. Qxa1 Re3 38. Qa6 Rxg3 39. Qc6 g6 40.
Na4 Rg4 41. Nc3 Rxh4 42. Kd2 Qb6 43. Qg2 Qd4 44. Qa8+ Kg7 45. Qc6 Qf4+ 46. Kc2 d5 47. Qc5 Rh1 48. Kb3 d4+ 49. Nd5 Qe5 50. Bc4 Rc1 51.
Qxc7 Qxc7 52. Nxc7 Bxc4+ 53. Kb4 Bxe2 54. b6 d3 55. Nd5 d2 56. b7 d1=Q 57. b8=Q Qd4+ 58. Ka3 Ra1+ 59. Kb3 Bd1# 0-1

[Event "Late-Titled-Tuesday-Blitz-February-06-2024"]
[Site "Chess.com"]
[Date "2024.02.06"]
[Round "9"]
[White "GothamChess"]
[Black "Genghis_K"]
[Result "0-1"]
[WhiteElo "2715"]
[BlackElo "2909"]
[TimeControl "180+1"]
[EndTime "15:44:29 PST"]
[Termination "Genghis_K won on time"]

1. e4 c5 2. a3 g6 3. Nc3 Bg7 4. Bc4 Nc6 5. d3 e6 6. Ba2 Nge7 7. Rb1 O-O 8. h4 h5 9. g4 hxg4 10. h5 Ne5 11. f4 gxf3 12. Nxf3 N7c6 13. h6 Nxf3+ 14. Qxf3 Be5 15. h7+ Kh8 16. Bh6 Nd4 17. Qf2 Bg7 18. Bxg7+ Kxg7 19. Ne2 Kh8 20. Nxd4 cxd4 21.
Qxd4+ f6 22. Kd2 Qa5+ 23. b4 Qb6 24. Ke3 d6 25. Rbg1 g5 26. Bb3 Bd7 27. Rh6 Rf7 28.
a4 Qxd4+ 29. Kxd4 Raf8 30. b5 Rxh7 31. Rxh7+ Kxh7 32. c4 Rc8 33. Ke3 Kg6 34. Rh1 f5 35. d4 f4+ 36. Kf3 e5 37. dxe5 dxe5 38. Rd1 g4+ 39.
Kf2 Be6 40. Rd6 Kf7 0-1

[Event "Late-Titled-Tuesday-Blitz-February-06-2024"]
[Site "Chess.com"]
[Date "2024.02.06"]
[Round "9"]
[White "Njal28"]
[Black "ChessSwole"]
[Result "1-0"]
[WhiteElo "2994"]
[BlackElo "2670"]
[TimeControl "180+1"]
[EndTime "15:44:29 PST"]
[Termination "Njal28 won by resignation"]

1. e4 c5 2. Nf3 e6 3. d4 cxd4 4. Qxd4 Nc6 5. Qe3 Nf6 6. Nc3 Qa5 7. Bd2 Bc5 8. Qg5 Rg8 9. e5 h6 10. Qf4 Nh5 11. Qg4 Nxe5 12. Nxe5 Bxf2+ 13. Kxf2 Qxe5 14. Re1 Nf6 15. Qf4 Qc5+ 16. Be3 Qe7 17. Nb5 Nd5 18. Nc7+ Nxc7 19. Qxc7 f5 20. Bc5 Qh4+ 21. g3 Qf6 22.
Bg2 g5 23. c3 f4 24. g4 a5 25. Bf3 Kf7 26. Bd4 Qe7 27. Qe5 Ra6 28. Qe4 Rg6 29. h4 d5 30. Qd3 gxh4 31. g5 Rxg5 32. Qh7+ Ke8 33. Qxh6 e5 34. Qxg5 Qxg5 35. Rxe5+ Qxe5 36. Bxe5 h3 37. Bxf4 Rb6 38. b3 a4 39. Bxd5 axb3 40.
axb3 Ra6 41. b4 Ra3 42. Be5 Bf5 43. Ke3 Ke7 44. Kf4 Bd7 45. Be4 b5 46. Bf5 1-0

[Event "Late-Titled-Tuesday-Blitz-February-06-2024"]
[Site "Chess.com"]
[Date "2024.02.06"]
[Round "9"]
[White "dennisodessa"]
[Black "Eloist"]
[Result "1-0"]
[WhiteElo "2604"]
[BlackElo "2445"]
[TimeControl "180+1"]
[EndTime "15:44:29 PST"]
[Termination "dennisodessa won on time"]

1. d4 e6 2. c4 Nf6 3. Nc3 Bb4 4.
Qc2 c5 5. dxc5 O-O 6. a3 Bxc5 7.
Nf3 b6 8. Bg5 h6 9. Bh4 Be7 10. e3 Bb7 11. Be2 d6 12. O-O Nbd7 13. Rfd1 a6 14. Rac1 Rc8 15. Nd4 Ne5 16. b3 Qc7 17.
Qb2 Rfd8 18. f3 Qb8 19. e4 Ng6 20. Bf2 Nf4 21. Bf1 d5 22. e5 Qxe5 23. cxd5 N6xd5 24.
Ne4 Nf6 25. Rxc8 Rxc8 26. Nxf6+ Bxf6 27. Qb1 Rd8 28. g3 Nd5 29. Re1 Qd6 30. Rc1 Qxa3 31. Ne2 Nb4 32. Bxb6 Rb8 33. f4 Nd5 34. Ba7 Ra8 35.
Bf2 Qb4 36. Rc4 Qe7 37. Nd4 Rd8 38. Nc6 Bxc6 39. Rxc6 Nb4 40. Rb6 a5 41. Qe4 Qd7 42. Rb5 Nc6 43. Rc5 Rc8 44. Bb5 1-0

[Event "Late-Titled-Tuesday-Blitz-February-06-2024"]
[Site "Chess.com"]
[Date "2024.02.06"]
[Round "9"]
[White "Quattroporte300"]
[Black "GoValya"]
[Result "1-0"]
[WhiteElo "2394"]
[BlackElo "2283"]
[TimeControl "180+1"]
[EndTime "15:44:29 PST"]
[Termination "Quattroporte300 won on time"]

1. e4 g6 2. d4 Bg7 3. Nc3 b6 4.
Be3 Bb7 5. Qd2 d6 6. h4 h5 7. O-O-O Nd7 8. f3 a6 9. Nh3 c5 10. Ng5 Ngf6 11. e5 dxe5 12. dxe5 Nxe5 13. Qxd8+ Rxd8 14. Rxd8+ Kxd8 15. f4 Neg4 16. Nxf7+ Kc7 17. Nxh8 Bxh8 18.
Rh3 Bg7 19. Kd2 Kd6 20. Be2 b5 21. Bf3 Bc8 22. Rh1 Bf5 23. Rd1 b4 24. Na4 Nxe3 25.
Kxe3+ Kc7 26. Nxc5 Ng4+ 27. Bxg4 Bxg4 28. Rd2 Bxb2 29.
Nxa6+ Kc6 30. Nxb4+ Kb5 31. Nd5 Ba3 32. Rd3 Bc5+ 33.
Kd2 e6 34. Nf6 Bf5 35. Rb3+ Kc4 36. a4 1-0

[Event "Late-Titled-Tuesday-Blitz-February-06-2024"]
[Site "Chess.com"]
[Date "2024.02.06"]
[Round "9"]
[White "SpeedofLight0"]
[Black "GMKrikor"]
[Result "1-0"]
[WhiteElo "3053"]
[BlackElo "2854"]
[TimeControl "180+1"]
[EndTime "15:44:33 PST"]
[Termination "SpeedofLight0 won by resignation"]

1. d4 Nf6 2. Nc3 d5 3. Bf4 a6 4. e3 Bf5 5. Nf3 e6 6. Bd3 Bg6 7. O-O Bd6 8. Bg5 Be7 9. Re1 O-O 10. Bxg6 hxg6 11. e4 dxe4 12. Nxe4 Nxe4 13. Bxe7 Qxe7 14.
Rxe4 Nd7 15. h4 Rfd8 16. Qe1 c5 17. Rd1 Nf6 18. Re2 Rac8 19. c3 cxd4 20. Nxd4 Qc7 21. Red2 Re8 22. Nf3 e5 23. Ng5 e4 24. Re2 Qf4 25. g3 Qf5 26. Rd4 e3 27. Rxe3 Rxe3 28. Qxe3 Re8 29. Qd3 Ng4 30. Nf3 Qxd3 31. Rxd3 f6 32.
Kf1 Kf7 33. Rd4 Nh6 34. Rd7+ Re7 35. Rxe7+ Kxe7 36. Ke2 Nf5 37. Kd3 Nd6 38. Nd4 Kd7 39. c4 Nf7 40. b3 Ne5+ 41. Ke4 Ng4 42. Kf3 Ne5+ 43. Ke2 Kd6 44. Nf3 Nc6 45. Kd2 Nb4 46. a3 Nc6 47. Kc3 Ne7 48. b4 b6 49. Nd2 Nc6 50.
Kd3 Ne5+ 51. Ke4 Nc6 52. Nb3 a5 53. c5+ bxc5 54. bxc5+ Ke6 55. Nd4+ Kd7 56. Nxc6 Kxc6 57. Kd4 a4 58. Kc4 1-0

[Event "Late-Titled-Tuesday-Blitz-February-06-2024"]
[Site "Chess.com"]
[Date "2024.02.06"]
[Round "9"]
[White "cthake"]
[Black "FredddieCroderg"]
[Result "0-1"]
[WhiteElo "1834"]
[BlackElo "2362"]
[TimeControl "180+1"]
[EndTime "15:44:33 PST"]
[Termination "FredddieCroderg won on time"]

1. e4 c6 2. d4 d5 3. Nc3 a5 4. exd5 cxd5 5. Bb5+ Nc6 6. Nf3 Nf6 7. O-O Bg4 8. h3 Bh5 9. Bg5 e6 10. Re1 Be7 11. g4 Bg6 12. Ne5 Rc8 13. Qd2 O-O 14. Nxg6 hxg6 15. Rad1 Qb6 16. a4 Bb4 17. Bxf6 gxf6 18.
Re3 Kg7 19. Kg2 Rh8 20. Qd3 Ne7 21. Ne2 f5 22. c3 Bd6 23. Rf3 fxg4 24. hxg4 Rh2+ 25.
Kf1 Rch8 26. Ng1 Qc7 27. Ke2 g5 28. Qe3 Ng6 29. Qxg5 Be7 30. Qe3 Qd8 31. c4 Bg5 32. Qc3 Nf4+ 33. Kf1 Rh1 34. cxd5 exd5 0-1

[Event "Late-Titled-Tuesday-Blitz-February-06-2024"]
[Site "Chess.com"]
[Date "2024.02.06"]
[Round "9"]
[White "Adar_07"]
[Black "masnyszachistaaa"]
[Result "1-0"]
[WhiteElo "2722"]
[BlackElo "2546"]
[TimeControl "180+1"]
[EndTime "15:44:36 PST"]
[Termination "Adar_07 won on time"]

1. Nf3 Nf6 2. d4 b6 3. Bf4 Bb7 4. e3 g6 5. Nbd2 Bg7 6. Bd3 Nh5 7. Be5 Nf6 8. h3 O-O 9. c3 d6 10. Bh2 Nbd7 11. O-O c5 12. Qc2 Rc8 13. Rfe1 Qc7 14. Rad1 Qb8 15. Qb1 Qa8 16. e4 cxd4 17. cxd4 Ne8 18. e5 dxe5 19. dxe5 Nc5 20. Bf1 Nc7 21. b4 Na4 22. Rc1 Ne6 23. Qb3 Bc6 24. Ba6 Rc7 25. Rc2 b5 26. Rec1 Bd5 27. Qd3 Rxc2 28. Rxc2 Rd8 29.
Bxb5 Bxf3 30. Qxf3 Qxf3 31. gxf3 Nb6 32. Nb3 h5 33. a4 Nd4 34. Nxd4 Rxd4 35. a5 Nd5 36. Rc8+ Kh7 37. Bc4 Nc3 38. Bxf7 Ne2+ 39. Kf1 Rd2 40. b5 Nd4 41. b6 axb6 42. axb6 Rb2 43.
Rb8 Nxf3 44. Bf4 g5 45. Bxh5 gxf4 46. Bxf3 Bxe5 47. Re8 Bd4 48. Rxe7+ Kg6 49. b7 Rxf2+ 50. Ke1 Rb2 51. Re8 Ba7 52. Ra8 Bf2+ 53. Kd1 1-0

[Event "Late-Titled-Tuesday-Blitz-February-06-2024"]
[Site "Chess.com"]
[Date "2024.02.06"]
[Round "9"]
[White "DinaBelenkaya"]
[Black "Orest_Vovk"]
[Result "1-0"]
[WhiteElo "2442"]
[BlackElo "2573"]
[TimeControl "180+1"]
[EndTime "15:44:36 PST"]
[Termination "DinaBelenkaya won on time"]

1. Nf3 h6 2. e4 g5 3. d4 Bg7 4.
Bc4 d6 5. c3 c6 6. Qb3 e6 7.
O-O d5 8. exd5 cxd5 9. Bb5+ Bd7 10. Bd3 Qb6 11. Re1 Qxb3 12. axb3 Nc6 13. b4 g4 14.
Nfd2 Nf6 15. b5 Ne7 16. Nb3 b6 17.
Bf4 O-O 18. N1d2 Ng6 19. Bd6 Rfd8 20. Bb4 Nf4 21. Bf1 Bf8 22. Bxf8 Kxf8 23. Ra3 Ne8 24. Rea1 Nd6 25. Rxa7 Rxa7 26. Rxa7 Bxb5 27. Bxb5 Nxb5 28.
Rb7 Nd3 29. Rxb6 Nd6 30. Nc5 Nf4 31. g3 Nh3+ 32. Kf1 Nc4 33. Nxc4 dxc4 34. Rb4 e5 35.
Rxc4 exd4 36. Rxd4 Rb8 37. b4 Ra8 38. Rd2 Ra1+ 39.
Ke2 Ng1+ 40. Ke3 Nf3 41. Rb2 1-0

[Event "Late-Titled-Tuesday-Blitz-February-06-2024"]
[Site "Chess.com"]
[Date "2024.02.06"]
[Round "9"]
[White "protectiago"]
[Black "ATM622"]
[Result "1-0"]
[WhiteElo "2126"]
[BlackElo "2438"]
[TimeControl "180+1"]
[EndTime "15:44:36 PST"]
[Termination "protectiago won by checkmate"]

1. d4 Nf6 2. c4 e6 3. g3 d5 4. Nf3 dxc4 5. Bg2 Bd7 6. Ne5 Bc6 7. Nxc6 Nxc6 8. Qa4 Qd7 9. O-O Nxd4 10. Qxc4 c5 11. Nc3 Be7 12. Rd1 Qc8 13. Be3 O-O 14.
Bxd4 cxd4 15. Rxd4 Bc5 16. Bxb7 Qxb7 17. Qxc5 Qxb2 18.
Rb1 Qc2 19. Rb7 Rac8 20. Rc7 Rxc7 21. Qxc7 h6 22. Kg2 e5 23. Rc4 Qf5 24. e4 Qe6 25. Rc6 Qe8 26. Qb7 a5 27. Rc7 Qd8 28. Nd5 Nh5 29.
Ne7+ Kh7 30. Nc6 Qg5 31. Rxf7 Nf4+ 32. Kf1 Qh5 33. Rxg7+ Kh8 34. Rh7+ Kg8 35. Qg7# 1-0